 Dungeon Crawl Stone Soup version 0.30.1-11-g7821555f0a (webtiles) character file.

Game seed: 15724295444098941653

661 lonewolfV2 the Ducker (level 7, -1/52 HPs)
             Began as a Demonspawn Fighter on Oct 30, 2023.
             Was an Initiate of Qazlal.
             Slain by an ogre
             ... wielding a +0 giant spiked club
              (31 damage)
             ... on level 5 of the Dungeon.
             The game lasted 00:05:09 (3837 turns).

lonewolfV2 the Ducker (Demonspawn Fighter)          Turns: 3837, Time: 00:05:10

Health: -1/52      AC: 16    Str: 17    XL:     7   Next: 30%
Magic:  8/8        EV:  6    Int:  9    God:    Qazlal [......]
Gold:   255        SH:  4    Dex: 14    Spells: 6/6 levels left

rFire   . . .        a - +1 war axe
rCold   . . .        c - +0 buckler
rNeg    . . .        x - +0 plate armour
rPois   .            (no helmet)
rElec   .            (no cloak)
rCorr   .            i - +2 pair of gloves
SInv    .            l - +0 pair of boots
Will    .....        (no amulet) Stlth
                     (no ring)
HPRegen 0.28/turn    (no ring)
MPRegen 0.22/turn

%: no passive effects
@: no status effects
A: spiny 2, magic regeneration
a: Renounce Religion


You were on level 5 of the Dungeon.
You worshipped Qazlal.
Qazlal was noncommittal.
You visited 1 branch of the dungeon, and saw 5 of its levels.

You collected 255 gold pieces.

Inventory:

Hand Weapons
 a - a +1 war axe (weapon)
Armour
 b - a +0 scale mail
 c - a +0 buckler (worn)
 i - a +2 pair of gloves (worn)
 l - a +0 pair of boots (worn)
 n - a +1 pair of boots
 x - a +0 plate armour (worn)
Jewellery
 o - a ring of ice
Scrolls
 j - a scroll of noise
 k - a scroll of magic mapping
Potions
 d - 3 potions of might
 f - a potion of magic {unknown}
 g - a potion of heal wounds
 h - a potion of haste {unknown}
 m - 2 potions of flight
 q - a potion of degeneration {unknown}
 s - a potion of brilliance {unknown}
 u - a potion of lignification {unknown}
 v - a potion of invisibility {unknown}


   Skills:
 - Level 3.0 Fighting
 - Level 1.7 Axes
 - Level 5.2 Armour
 - Level 5.2 Dodging
 + Level 1.0 Stealth
 - Level 2.6 Shields
 + Level 1.4 Invocations


You had 6 spell levels left.
You didn't know any spells.
Your spell library contained the following spells:

 Spells                   Type           Power      Damage    Failure   Level
 Summon Small Mammal      Summ           0%         N/A       100%        1
 Static Discharge         Conj/Air       0%         2-2/arc   100%        2
 Call Canine Familiar     Summ           0%         N/A       100%        3
 Summon Guardian Golem    Hex/Summ       0%         N/A       100%        3
 Airstrike                Air            0%         2d(0-16)  100%        4
 Summon Lightning Spire   Summ/Air       0%         N/A       100%        4


Dungeon Overview and Level Annotations

Branches:
Dungeon (5/15)             Temple (0/1) D:4

Altars:
Qazlal
Trog

Shops:
D:3 =


Innate Abilities, Weirdness & Mutations

You are mostly covered in sharp spines.
You regenerate magic rapidly.


Message History

The gnoll is moderately wounded.
The gnoll hits you but does no damage. The gnoll hits you with a +0 whip.
You hit the gnoll but do no damage.
The gnoll is moderately wounded.
The gnoll is struck by your spines. The gnoll barely misses you.
You barely miss the gnoll.
The gnoll is moderately wounded.
The gnoll is struck by your spines. The gnoll hits you but does no damage.
The gnoll is struck by your spines.
You kill the gnoll!
Qazlal accepts your kill.
Your Stealth skill increases to level 1!
Items here: )) [ †.
Magic restored.
You feel your willpower return.
HP restored.
There is a stone staircase leading down here.
Found a robe.
o - a ring of ice
Found a white marble altar of Elyvilon.
An ogre comes into view. It is wielding a +0 giant spiked club.
The ogre shouts!
Found a ring mail.
The ogre closely misses you.
You hit the ogre.
The ogre is lightly wounded.
The ogre hits you with a +0 giant spiked club!!
You slash the ogre!
The ogre is moderately wounded.
The ogre is struck by your spines.
The ogre hits you with a +0 giant spiked club!
You closely miss the ogre.
The ogre is severely wounded.
The ogre hits you with a +0 giant spiked club!
* * * LOW HITPOINT WARNING * * *
You feel better.
You feel better. The ogre is struck by your spines.
The ogre hits you with a +0 giant spiked club!!
Ouch! That really hurt!
You die...

#..#[...# #.##.##.#.##
#..#....# #.....#.#.##
#..#....####...........
#..#.........####^####.
#.######.# ..... #.
#.#......#.......#.
#.#.##...#.......#.
.[.###.#.##.#.^..._...#.
#....O@.##...#.......#.
....##.####.#.#.......#.
. #. ....# .... #. ....#
### #. #..... .. .# .


You could see an ogre.

Vanquished Creatures
  Sigmund (D:2)
  A phantom (D:4)
  2 scorpions (D:4)
  A gnoll bouda (D:5)
  An iguana (D:4)
  5 orc wizards
  3 gnolls (D:5)
  4 adders
  An ufetubus (D:4)
  3 worms
  2 dart slugs
  5 orcs (D:4)
  6 bats
  6 endoplasms
  13 giant cockroaches (D:2)
  2 goblins (D:1)
  4 hobgoblins
  3 jackals (D:2)
  4 kobolds
  A quokka (D:1)
  4 ball pythons
  9 rats
81 creatures vanquished.

Notes
Turn   | Place    | Note
-------+----------+-------------------------------------------
     0 | D:1      | lonewolfV2 the Demonspawn Fighter began the quest for the
                  | Orb.
     0 | D:1      | Reached XP level 1. HP: 18/18 MP: 1/1
   174 | D:1      | Reached skill level 1 in Dodging
   174 | D:1      | Gained mutation: You are partially covered in sharp spines.
                  | [demonic ancestry]
   174 | D:1      | Reached XP level 2. HP: 24/24 MP: 2/2
   788 | D:2      | Found a faded altar of an unknown god.
   898 | D:2      | Gained mutation: You are mostly covered in sharp spines.
                  | [demonic ancestry]
   898 | D:2      | Reached XP level 3. HP: 29/29 MP: 3/3
   982 | D:2      | Noticed Sigmund
   996 | D:2      | Killed Sigmund
   997 | D:2      | Gained mutation: You regenerate magic rapidly. [demonic
                  | ancestry]
   997 | D:2      | Reached XP level 4. HP: 23/35 MP: 4/4
   997 | D:2      | Reached XP level 5. HP: 27/41 MP: 5/5
  1944 | D:3      | Noticed a moth of wrath
  1946 | D:3      | Found a bloodstained altar of Trog.
  2408 | D:4      | Reached XP level 6. HP: 38/47 MP: 6/6
  2455 | D:3      | Found Yklarure's Jewellery Emporium.
  2659 | D:3      | Found a stormy altar of Qazlal.
  2692 | D:3      | Became a worshipper of Qazlal Stormbringer
  2778 | D:4      | Found a staircase to the Ecumenical Temple.
  3263 | D:4      | Reached skill level 5 in Armour
  3263 | D:4      | Reached skill level 5 in Dodging
  3263 | D:4      | Reached XP level 7. HP: 52/52 MP: 7/7
  3660 | D:5      | Entered Level 5 of the Dungeon
  3677 | D:5      | Reached skill level 1 in Invocations
  3683 | D:5      | Reached skill level 1 in Stealth
  3837 | D:5      | Slain by an ogre

Illustrated notes

Levels and vault maps discovered:
D:1:      amcnicky_arrival_blooded_trapdoor, layout_loops_ring,
          minmay_pentomino_t4
D:2:      minmay_roachtagon, layout_loops_cross,
          ebering_ecumenical_altar_abandoned, basic_altar,
          nicolae_figureground_sparkle, uniq_sigmund
D:3:      layout_loops_corners, tgw_trog, grunt_qazlal_sundering, serial_shops,
          nicolae_shop_trees
D:4:      layout_cave_pools, minmay_temple_entry_junction
D:5:      layout_basic, dk_yredelemnul_ordeal, lemuel_tele_altar, slow_altar_1,
          grunt_decor_resistance

Skill      XL: |  1  2  3  4  5  6  7 |
---------------+----------------------+-----
Dodging        | 1 2 3 4 5 |  5.2
Armour         | 3 4 5 |  5.2
Invocations    | 1 |  1.4
Stealth        | 1 |  1.0
Fighting       | |  3.0
Axes           | |  1.7
Shields        | |  2.6

Action                     |  1- 3 |  4- 6 |  7- 9 || total
---------------------------+-------+-------+-------++-------
  Melee: War axe           |    65 |    72 |    22 ||   159
    Use: Scroll            |     5 |     2 |     5 ||    12
         Potion            |       |       |     4 ||     4
 Armour: Scale mail        |    34 |    39 |     2 ||    75
         Plate armour      |       |       |    10 ||    10
  Dodge: Dodged            |    35 |    46 |    11 ||    92
  Block: Buckler           |    15 |    21 |     4 ||    40
